 Dungeon Crawl Stone Soup version 0.30-a0-341-g682706514a (webtiles) character file.

Game seed: 3877526971597735702

646 porpoise the Trooper (level 7, -9/53 HPs)
             Began as a Djinni Fire Elementalist on Nov 5, 2022.
             Was a Believer of Qazlal.
             Mangled by Duvessa
             ... wielding a +0 rapier
              (11 damage)
             ... on level 4 of the Dungeon.
             The game lasted 00:18:06 (3765 turns).

porpoise the Trooper (Djinni Fire Elementalist)     Turns: 3765, Time: 00:18:08

Health: -9/53      AC:  9    Str:  7    XL:     7   Next: 82%
Gold:   259        EV: 12    Int: 19    God:    Qazlal [**....] SH:  3 Dex: 13

rFire   + + +      SeeInvis .    a - +0 rapier
rCold   x . .      Faith    .    (no shield)
rNeg    . . .      Spirit   .    w - +2 robe
rPois   ∞          Reflect  .    (no helmet)
rElec   .          Harm     .    g - +1 cloak {rPois}
rCorr   +          Rampage  .    s - +2 pair of gloves
Will    .....                    (boots unavailable)
Stlth   +.........               (no amulet)
HPRegen 0.28/turn                k - ring of resist corrosion
MPRegen 0.00/turn                l - ring of protection from fire

@: flying
A: sickness immunity, fire resistance 2, cold vulnerability 1, float, innate
caster, HP casting, extra vitality 1
a: Renounce Religion, Upheaval


You were on level 4 of the Dungeon.
You worshipped Qazlal.
Qazlal was pleased with you.
You visited 1 branch of the dungeon, and saw 4 of its levels.

You collected 259 gold pieces.

Inventory:

Hand Weapons
 a - a +0 rapier (weapon)
Armour
 g - a +1 cloak of poison resistance (worn)
 s - a +2 pair of gloves (worn)
 w - a +2 robe (worn)
Jewellery
 k - a ring of resist corrosion (left hand)
 l - a ring of protection from fire (right hand)
 n - a +6 ring of strength
Wands
 d - a wand of flame (9)
Scrolls
 b - 3 scrolls of enchant armour
 h - a scroll of noise {unknown}
 j - a scroll of vulnerability {unknown}
 q - a scroll of immolation {unknown}
 r - a scroll of butterflies {unknown}
 t - a scroll of teleportation {unknown}
 v - a scroll of blinking {unknown}
Potions
 c - a potion of heal wounds
 e - a potion of mutation {unknown}
 f - a potion of lignification {unknown}
 i - a potion of brilliance {unknown}
 m - 2 potions of curing
 o - 2 potions of cancellation
 p - a potion of haste {unknown}
 u - a potion of attraction {unknown}


   Skills:
 + Level 4.7 Fighting
 - Level 2.1 Dodging
 - Level 1.5 Stealth
 + Level 4.5 Spellcasting
 + Level 3.3 Invocations


You couldn't memorise any spells.
You knew the following spells:

 Your Spells              Type           Power      Damage    Failure   Level
a - Foxfire               Conj/Fire      84%        2x1d8     1%          1
b - Searing Ray           Conj           42%        2d6       3%          2
c - Kindle Blastsparks    Fire/Tloc/Air  42%        2d13      6%          3
d - Inner Flame           Hex/Fire       21%        N/A       6%          3
e - Flame Wave            Conj/Fire      21%        2d8       21%         4
f - Summon Small Mammal   Summ           84%        N/A       1%          1
g - Swiftness             Air            21%        N/A       6%          3
r - Scorch                Fire           42%        2d7       3%          2
Your spell library was empty.

Dungeon Overview and Level Annotations

Branches:
Dungeon (4/15)             Temple (0/1) D:4

Altars:
Dithmenos
Fedhas
Makhleb
Qazlal
Ru
Wu Jian

Shops:
D:2 :

Annotations:
D:3 3 runed translucent doors, osoart's ghost, amateur DjSu
D:4 Duvessa


Innate Abilities, Weirdness & Mutations

You are immune to sickness and miasma.
You are immune to poison.
Your flesh is very heat resistant. (rF++)
You are vulnerable to cold. (rC-)
You float through the air rather than walking.
You learn spells naturally, not from books.
Your magical power is your life essence.
You have superior vitality. (+4 MHP)


Message History

Flames lash Duvessa.
Duvessa is heavily wounded.
* * * LOW HITPOINT WARNING * * *
Duvessa closely misses you. Duvessa barely misses you.
Okay, then.
Okay, then.
Unknown command.
Okay, then.
Casting: Scorch (safe; 3% risk of failure)
Confirm with . or Enter, or press ? or * to list all spells.
Okay, then.
Unknown command.
Unknown command.
Casting: Scorch (safe; 3% risk of failure)
Confirm with . or Enter, or press ? or * to list all spells.
Aiming: Searing Ray (safe; 3% risk of failure)
Press: ? - help, Shift-Dir - straight line, f - Duvessa
Aim: Duvessa, wielding a +0 rapier and wearing a +0 ring mail (heavily wounded, berserk, more vulnerable to fire, 84% to hit)
The searing ray hits Duvessa!
Duvessa is heavily wounded. (Press . to maintain the ray.)
* * * LOW HITPOINT WARNING * * *
Duvessa closely misses you.
The searing ray hits Duvessa.
Duvessa is severely wounded.
* * * LOW HITPOINT WARNING * * *
Duvessa barely misses you. x2
Unknown command.
The searing ray hits Duvessa but does no damage.
Duvessa is severely wounded.
* * * LOW HITPOINT WARNING * * *
Duvessa completely misses you.
The searing ray hits Duvessa!
Duvessa is severely wounded.
* * * LOW HITPOINT WARNING * * *
You finish channelling your searing ray.
Duvessa hits you with a +0 rapier!
* * * LOW HITPOINT WARNING * * *
Duvessa hits you with a +0 rapier!
You die...

#...........##..#
#...........##..#
#...........##..#
###+#'#.....##..# #
#.#.#.....##..# .
#.#.#.....##..# .
#[#.#.....##..####... .
#.#.#.....##.e..)'...
.####.....######@#####...
.#......#.######...#
##.##......).....#.#
#.#####.###.###.#.#
#.#...#.# #.# #.#.#
#.#.#.#.# #.###.#.#
#.#.#.#.# #.....#.#
#.......# #######.#
###.#<### .#


You could see Duvessa (berserk, combustible).

Vanquished Creatures
  Sigmund (D:3)
  Dowan (D:4)
  A howler monkey (D:4)
  A jelly (D:4)
  A quasit (D:4)
  Crazy Yiuf (D:4)
  An orc priest (D:3)
  An iguana (D:4)
  Terence (D:2)
  9 gnolls
  7 adders
  3 worms
  A dart slug (D:1)
  7 orcs
  5 endoplasms
  3 giant cockroaches
  4 goblins
  3 hobgoblins
  2 quokkas
  14 ball pythons
  6 bats
  3 frilled lizards (D:2)
  5 kobolds
  3 rats
84 creatures vanquished.

Vanquished Creatures (others)
  2 demonic plants (D:4)
  192 foxfires
  A fungus (D:3)
  3 plants (D:3)
198 creatures vanquished.

Grand Total: 282 creatures vanquished

Notes
Turn   | Place    | Note
-------+----------+-------------------------------------------
     0 | D:1      | porpoise the Djinni Fire Elementalist began the quest for
                  | the Orb.
     0 | D:1      | porpoise set off with the following spells memorised:
                  | Foxfire, Scorch, Kindle Blastsparks, Inner Flame, Flame
                  | Wave.
     0 | D:1      | Reached XP level 1. HP: 15/15 MP: 0/0
   111 | D:1      | Reached skill level 1 in Fighting
   111 | D:1      | Reached XP level 2. HP: 22/22 MP: 0/0
   544 | D:1      | Found a faded altar of an unknown god.
   581 | D:1      | Prayed at the altar of an unknown god.
   581 | D:1      | Became a worshipper of Qazlal Stormbringer
   581 | D:1      | Reached * piety under Qazlal
   632 | D:2      | Reached XP level 3. HP: 26/27 MP: 0/0
   632 | D:2      | Learned a level 1 spell: Summon Small Mammal
   704 | D:2      | Found Sutinooh's Book Boutique.
   881 | D:2      | Noticed Terence
   893 | D:2      | Killed Terence
   894 | D:2      | Reached XP level 4. HP: 24/34 MP: 0/0
  1083 | D:2      | Reached XP level 5. HP: 39/40 MP: 0/0
  1083 | D:2      | Learned a level 2 spell: Searing Ray
  1436 | D:3      | Reached ** piety under Qazlal
  1485 | D:3      | Found a sacrificial altar of Ru.
  1586 | D:3      | Found a burning altar of Makhleb.
  1870 | D:3      | Reached skill level 1 in Invocations
  1874 | D:3      | Reached XP level 6. HP: 45/46 MP: 0/0
  2097 | D:3      | Noticed Sigmund
  2102 | D:3      | Killed Sigmund
  2103 | D:3      | Reached XP level 7. HP: 52/52 MP: 0/0
  2103 | D:3      | Learned a level 3 spell: Swiftness
  2218 | D:3      | Found an ornate altar of the Wu Jian Council.
  2278 | D:3      | Found a runed translucent gate.
  2278 | D:3      | Found a runed translucent gate.
  2278 | D:3      | Found a runed translucent gate.
  2280 | D:3      | Noticed osoart's ghost (amateur DjSu)
  3172 | D:4      | Found a runed translucent door.
  3173 | D:4      | Noticed Crazy Yiuf
  3184 | D:4      | Killed Crazy Yiuf
  3279 | D:4      | Found a blossoming altar of Fedhas.
  3382 | D:4      | Found a staircase to the Ecumenical Temple.
  3696 | D:4      | Found a shadowy altar of Dithmenos.
  3749 | D:4      | Noticed Dowan
  3750 | D:4      | Noticed Duvessa
  3755 | D:4      | Killed Dowan
  3765 | D:4      | HP: 2/53 [Duvessa/+0 rapier (9)]
  3765 | D:4      | Mangled by Duvessa

Illustrated notes

Levels and vault maps discovered:
D:1:      erik_arrival_triangle_large, layout_rooms,
          shapermc_ecumenical_altar_totnotflames, serial_forest,
          infiniplex_forest_fountain, infiniplex_forest_lined_room_3,
          infiniplex_forest_straight_3, infiniplex_forest_clump_C,
          infiniplex_forest_lined_2, infiniplex_forest_lined_3,
          infiniplex_forest_clump_medium
D:2:      layout_rooms, serial_shops, shop_statue, kennysheep_generic_room_3,
          uniq_terence
D:3:      layout_basic, mainiacjoe_overflow_tiny_flanked, bloody_makhleb,
          amcnicky_altar_gilded, gammafunk_ghost_nasty_kobolds, st_stairs_2,
          minmay_snake_closets, uniq_sigmund
D:4:      layout_basic, fedhas_altar_2,
          nicolae_dithmenos_through_a_glass_darkly, minmay_temple_entry_statues,
          serial_shops, nicolae_lakefront_shop, serial_demonic,
          serial_demonic_g, serial_demonic_b, serial_demonic_a,
          serial_demonic_g, serial_demonic_b, serial_demonic_e,
          uniq_crazy_yiuf_cottage, uniq_duvessa

Skill      XL: |  1  2  3  4  5  6  7 |
---------------+----------------------+-----
Fighting       | 1 2 3 4 |  4.7
Spellcasting   | 3 4 |  4.5
Invocations    | 1 2 3 |  3.3
Dodging        | |  2.1
Stealth        | |  1.5

Action                   |  1- 3 |  4- 6 |  7- 9 || total
-------------------------+-------+-------+-------++-------
Melee: Whip              |     1 |       |       ||     1
       Rapier            |    11 |    12 |    13 ||    36
 Cast: Foxfire           |    42 |    48 |    26 ||   116
       Scorch            |     2 |     7 |     4 ||    13
       Searing Ray       |       |     5 |     4 ||     9
       Inner Flame       |       |     2 |     1 ||     3
       Flame Wave        |       |       |     1 ||     1
       Kindle Blastspark |       |       |     1 ||     1
  Use: Potion            |       |     1 |       ||     1
       Scroll            |       |       |     5 ||     5
Armor: Robe              |     6 |     4 |    30 ||    40
Dodge: Dodged            |    16 |    15 |    34 ||    65
Block: Other             |       |     1 |     4 ||     5

Table legend: (Time is in decaauts)
 A = Elapsed time spent in this place.
 B = Non-inter-level travel time spent in this place.
 C = Inter-level travel time spent in this place.
 D = Time resting spent in this place.
 E = Time spent auto-exploring this place.
 F = Levels seen in this place.
 G = Mean time per level.
                   A        B        C        D        E       F      G
               +--------+--------+--------+--------+--------+-----+--------+
         Total |   3769 |   3682 |     87 |   1250 |   1855 |   4 |  942.2 |
       Dungeon |   3769 |   3682 |     87 |   1250 |   1855 |   4 |  942.2 |
               +--------+--------+--------+--------+--------+-----+--------+

Top non-repeatable levels by time:
     D:4: 1223 daAuts
     D:3: 1143 daAuts
     D:2: 799 daAuts
     D:1: 603 daAuts
